[Event "*** Titled Tuesday Blitz"]
[Site "Chess.com"]
[Date "2021.03.09"]
[Round "7"]
[White "Volodar_Murzin"]
[Black "arctic_t00"]
[Result "1-0"]
[WhiteElo "2668"]
[BlackElo "2535"]
[TimeControl "180+1"]
[EndTime "11:22:03 PST"]
[Termination "Volodar_Murzin won by resignation"]

1. e4 e6 2. d4 d5 3. Nc3 Nf6 4. e5 Nfd7 5. Nce2 c5 6. c3 Nc6 7. f4 Be7 8. Nf3 O-O 9. g3 f6 10. Bh3 Nb6 11. O-O cxd4 12. cxd4 Bd7 13. Kh1 Rc8 14. b3 a5 15. Bd2 Nb4 16. a3 Nc6 17.
a4 Nb4 18. Rc1 Na8 19. Nc3 Nc7 20. Qe2 Qe8 21. g4 b5 22. f5 bxa4 23. bxa4 Bxa4 24.
Nxa4 Qxa4 25. fxe6 Qb5 26. Qe3 Qd3 27. exf6 Bxf6 28. e7 Rfe8 29. g5 Bxe7 30. Bxc8 Qxe3 31. Bxe3 Rxc8 32. Bf4 Nba6 33. Rc6 Ba3 34. Ra1 Be7 35. Rxa5 Rf8 36. Bxc7 Nxc7 37. Kg2 Bd8 38. Ra7 Rf7 39. Ne5 Re7 40. Rd6 1-0

[Event "*** Titled Tuesday Blitz"]
[Site "Chess.com"]
[Date "2021.03.09"]
[Round "7"]
[White "ChampStan"]
[Black "sau6on"]
[Result "1-0"]
[WhiteElo "2041"]
[BlackElo "2385"]
[TimeControl "180+1"]
[EndTime "11:22:04 PST"]
[Termination "ChampStan won on time"]

1. d4 d5 2. c4 Nc6 3. cxd5 Qxd5 4. e3 e5 5. Nc3 Bb4 6. Bd2 Bxc3 7. Bxc3 exd4 8.
Ne2 Nf6 9. Nxd4 O-O 10. Qb3 Nxd4 11. Bxd4 Qxb3 12. axb3 b6 13. b4 Bb7 14. f3 Nd5 15. b5 Rfe8 16. Kf2 Nb4 17. Rc1 c5 18. bxc6 Nxc6 19. Bc3 a6 20. Be2 b5 21. Rhd1 Rad8 22. e4 f6 23. g4 Kf7 24. h4 h6 25. Ke3 Ke6 26. h5 Ne5 27. b3 Rc8 28. f4 Nc6 29.
g5 Kf7 30. gxf6 gxf6 31. Bg4 Rcd8 32. Bf3 Ne7 33. Ba5 Rxd1 34. Rxd1 Nd5+ 35. Kf2 Nxf4 36.
b4 1-0

[Event "*** Titled Tuesday Blitz"]
[Site "Chess.com"]
[Date "2021.03.09"]
[Round "7"]
[White "axvesik"]
[Black "CrushingKings"]
[Result "1/2-1/2"]
[WhiteElo "2522"]
[BlackElo "2408"]
[TimeControl "180+1"]
[EndTime "11:22:05 PST"]
[Termination "Game drawn by repetition"]

1. e4 g6 2. d4 Bg7 3. Nc3 c6 4. Be3 d5 5. e5 f6 6. Nf3 Bg4 7. exf6 Nxf6 8. Be2 Nbd7 9. Qd2 Bxf3 10. Bxf3 e5 11. dxe5 Nxe5 12. Be2 O-O 13. h3 Qa5 14. O-O Rae8 15. f4 Nf7 16. f5 gxf5 17. Rxf5 Nd6 18. Rf3 Qc7 19. Bd3 Nde4 20. Nxe4 Nxe4 21. Bxe4 Rxe4 22.
Raf1 Rxf3 23. Rxf3 Qe5 24. c3 a5 25. Bd4 Qh5 26. Rg3 Re7 27. Qf4 Qe8 28. Qh6 Qf8 29. h4 Kh8 30. Rxg7 Rxg7 31. g4 Kg8 32. Qxg7+ Qxg7 33. Bxg7 Kxg7 34. Kf2 Kf6 35. Ke3 Ke5 36. b4 a4 37. a3 b6 38. Kf3 c5 39. Ke3 h6 40. g5 h5 41. Kf3 Kf5 42. Ke3 Ke5 43.
Kd3 Kf5 44. bxc5 bxc5 45. Ke3 Ke5 46. Kd3 Kf5 47. Ke3 Ke5 48. Kd3 Kf5 1/2-1/2

[Event "*** Titled Tuesday Blitz"]
[Site "Chess.com"]
[Date "2021.03.09"]
[Round "7"]
[White "ChessQueen"]
[Black "Konavets"]
[Result "0-1"]
[WhiteElo "2779"]
[BlackElo "2930"]
[TimeControl "180+1"]
[EndTime "11:22:06 PST"]
[Termination "Konavets won on time"]

1. e4 c6 2. Nc3 d5 3. Nf3 g6 4. d4 Bg7 5. e5 Bg4 6. h3 Bxf3 7. Qxf3 e6 8. Bd3 a6 9. O-O c5 10. dxc5 Nd7 11. Qg3 Bxe5 12. f4 Bd4+ 13. Be3 Qf6 14. Na4 Ne7 15. c3 Bxe3+ 16. Qxe3 O-O 17.
Rac1 Rac8 18. b4 Nc6 19. a3 Rfe8 20. Bb1 Re7 21. Qd3 Rce8 22. Rcd1 Qh4 23. Nb2 e5 24. Qxd5 exf4 25. Nc4 Nf6 26. Qf3 Nh5 27. Nd6 Re3 28. Qd5 R8e7 29. Ba2 Ne5 30. Qd4 Rg3 31. Ne4 Nc6 32.
Qd5 Re3 33. Nd2 Ne5 34. Nc4 Ng3 35. Rf2 Ne2+ 36. Rxe2 Rxe2 37. Nxe5 R2xe5 38. Qd8+ Kg7 39. Qd4 f6 40. Rf1 Re1 41. Qd2 Qg3 42. Bc4 Rxf1+ 43. Bxf1 Qe3+ 44. Qf2 Qxc3 0-1

[Event "*** Titled Tuesday Blitz"]
[Site "Chess.com"]
[Date "2021.03.09"]
[Round "7"]
[White "lider34"]
[Black "Andrii_Prydun"]
[Result "1-0"]
[WhiteElo "2461"]
[BlackElo "2279"]
[TimeControl "180+1"]
[EndTime "11:22:06 PST"]
[Termination "lider34 won on time"]

1. e4 d5 2. exd5 Qxd5 3. Nc3 Qd6 4. d4 Nf6 5. Nf3 c6 6. Bc4 Bf5 7. O-O Nbd7 8. Re1 e6 9. Bg5 Be7 10. Qd2 O-O 11. a3 Rad8 12. Bf4 Nb6 13. Bxd6 Nxc4 14.
Bxe7 Nxd2 15. Nxd2 Bxc2 16. Bxd8 Rxd8 17. Nf3 Bb3 18.
Nd2 Bc2 19. Rac1 Bg6 20. Nf3 Bh5 21. Red1 Bxf3 22. gxf3 g5 23. Kf1 Nh5 24. Ne4 h6 25. b4 a6 26. a4 Nf4 27. Nc5 Rb8 28. Rb1 Nd5 29. b5 axb5 30. axb5 cxb5 31. Rd3 b4 32. Rdb3 Kg7 33. Nd3 Rd8 34. Nxb4 Nf6 35. Rd3 b6 36.
Rbd1 h5 37. d5 exd5 38. Nxd5 Ne8 39. Nxb6 Rb8 40. Nd7 Rb2 41. Nc5 Nc7 42. Rd7 Nb5 43.
Ne4 Na3 44. Nxg5 Kg6 45. h4 Nc2 46. R1d6+ 1-0

[Event "*** Titled Tuesday Blitz"]
[Site "Chess.com"]
[Date "2021.03.09"]
[Round "7"]
[White "ShcufNaiRolf"]
[Black "LamaChampetre"]
[Result "0-1"]
[WhiteElo "2357"]
[BlackElo "2233"]
[TimeControl "180+1"]
[EndTime "11:22:06 PST"]
[Termination "LamaChampetre won on time"]

1. e4 c5 2. Nf3 g6 3. d4 cxd4 4.
Nxd4 Nc6 5. Nc3 Bg7 6. Be3 Nf6 7. Bc4 O-O 8. Bb3 a6 9. O-O Qc7 10. Re1 b5 11. Nd5 Nxd5 12. exd5 Na5 13. Qd2 Nc4 14.
Bxc4 Qxc4 15. c3 Qxd5 16. Bh6 Bb7 17. f3 e5 18. Bxg7 Kxg7 19. Nf5+ gxf5 20. Qg5+ Kh8 21.
Qf6+ Kg8 22. Rxe5 Qc6 23. Qxf5 Qg6 24. Qf4 f6 25. Re7 Rf7 26. Rae1 Raf8 27. Kh1 Bc6 28. R7e3 Rg7 29. R1e2 Qg5 30. Qd6 Qg6 31. h3 Qb1+ 32.
Kh2 Qg6 33. Qf4 f5 34. Re5 Qg5 35. Qd4 Qg3+ 36. Kh1 Bxf3 37. Re7 Bxg2+ 38. Kg1 Bf3+ 0-1

[Event "*** Titled Tuesday Blitz"]
[Site "Chess.com"]
[Date "2021.03.09"]
[Round "7"]
[White "elcandado"]
[Black "AttackSparrow"]
[Result "1-0"]
[WhiteElo "2666"]
[BlackElo "2531"]
[TimeControl "180+1"]
[EndTime "11:22:07 PST"]
[Termination "elcandado won by resignation"]

1. d4 Nf6 2. Bf4 g6 3. Nc3 d5 4. Nb5 Na6 5. e3 Bg7 6. h3 O-O 7. Nf3 c6 8. Na3 c5 9. c3 Ne4 10. Be2 Qa5 11. Nb1 b5 12. O-O b4 13. Ne5 bxc3 14.
bxc3 Nxc3 15. Nxc3 Qxc3 16. Rc1 Qa3 17. Nc6 c4 18. e4 e6 19. Bf3 dxe4 20. Bxe4 Bb7 21. Rxc4 Rac8 22. Ra4 Qb2 23. Ne7+ Kh8 24. Bxb7 Qxb7 25. Nxc8 Rxc8 26. Be5 f6 27. Bg3 Rd8 28. Qb3 Qc6 29. Qc4 Qxc4 30. Rxc4 e5 31. Rfc1 Kg8 32. Rc8 Rxc8 33. Rxc8+ Kf7 34. dxe5 fxe5 35. Ra8 Nb4 36. Rxa7+ Kf6 37. Bxe5+ Kxe5 38. Rxg7 Nxa2 39. Rxh7 Nc3 40.
g3 Kf6 41. Kg2 Ne2 42. Ra7 Nd4 43. Ra6+ Ke5 44. f4+ Kf5 45. Ra5+ Kf6 46. g4 Nc2 47. Ra6+ Kf7 48. Kg3 Ne3 49. Kh4 Nd5 50. Kg5 Nc3 51. Ra7+ Kf8 52. Kxg6 Nd5 53. f5 Nf4+ 54. Kh7 Nd5 55.
g5 Nf4 56. g6 Nh5 57. g7+ Nxg7 1-0

[Event "*** Titled Tuesday Blitz"]
[Site "Chess.com"]
[Date "2021.03.09"]
[Round "7"]
[White "Blitzking642"]
[Black "klimkoj"]
[Result "0-1"]
[WhiteElo "2420"]
[BlackElo "2615"]
[TimeControl "180+1"]
[EndTime "11:22:07 PST"]
[Termination "klimkoj won by resignation"]

1. c4 Nf6 2. Nc3 g6 3. g3 Bg7 4.
Bg2 O-O 5. e4 e5 6. Nge2 d6 7. O-O Nc6 8. d3 a5 9. h3 Nd7 10. a3 Nc5 11. Be3 Ne6 12. Rb1 Ned4 13. b4 axb4 14. axb4 b6 15. b5 Ne7 16. Nd5 Be6 17.
Nxd4 exd4 18. Bg5 f6 19. Bd2 Qd7 20. Kh2 h6 21. f4 Kh7 22. Qc2 f5 23. Nxe7 Qxe7 24.
exf5 Bxf5 25. Rfe1 Qd7 26. g4 Be6 27. Bxa8 Rxa8 28. Re2 Bf6 29. Rbe1 Bf7 30. Re4 d5 31. cxd5 Bxd5 32. Re5 Bxe5 33. Rxe5 Bf7 34. Bb4 Kg8 35. Qc6 Qxc6 36. bxc6 Ra4 37. Be7 Ra2+ 38. Kg3 Rc2 39. Bd8 Rxc6 40. Re7 Rc3 41. Rxc7 Rxd3+ 42. Kh4 b5 43.
Rb7 Rb3 44. f5 g5+ 0-1

[Event "*** Titled Tuesday Blitz"]
[Site "Chess.com"]
[Date "2021.03.09"]
[Round "7"]
[White "Sadykov_Ramil"]
[Black "Barbix1"]
[Result "1-0"]
[WhiteElo "2575"]
[BlackElo "2418"]
[TimeControl "180+1"]
[EndTime "11:22:07 PST"]
[Termination "Sadykov_Ramil won on time"]

1. e4 e5 2. Nf3 Nc6 3. Bb5 g6 4. c3 a6 5. Bxc6 dxc6 6. d4 exd4 7. cxd4 Bg7 8. h3 Ne7 9. Nc3 O-O 10. O-O h6 11. Be3 f5 12. Qd2 Kh7 13. Ne5 c5 14. f4 cxd4 15. Qxd4 fxe4 16. Qxe4 Bf5 17. Qxb7 Rb8 18.
Qxa6 Rxb2 19. Rad1 Qa8 20. Qxa8 Rxa8 21. Rf2 Rxf2 22.
Kxf2 Ra3 23. Rc1 Ra5 24. Bd4 c6 25. g4 Be6 26. a4 Nd5 27. Nxd5 Bxd5 28. Ra1 Bb3 29.
Nxc6 Rxa4 30. Bxg7 Kxg7 31. Rxa4 Bxa4 32. Ne5 Kf6 33.
Ke3 Bc2 34. Nf3 h5 35. g5+ Kf7 36. Kd4 Ke6 37. Ke3 Bb1 38. Nd4+ Kd5 39. f5 gxf5 40.
Ne2 Ke5 41. Nf4 Ba2 42. Nxh5 1-0

[Event "*** Titled Tuesday Blitz"]
[Site "Chess.com"]
[Date "2021.03.09"]
[Round "7"]
[White "Kaslask"]
[Black "VFernandezB"]
[Result "1-0"]
[WhiteElo "2358"]
[BlackElo "2487"]
[TimeControl "180+1"]
[EndTime "11:22:07 PST"]
[Termination "Kaslask won on time"]

1. d4 Nf6 2. c4 g6 3. Nc3 d5 4. cxd5 Nxd5 5. Bd2 Bg7 6. e4 Nb6 7. Be3 O-O 8. f4 f5 9. e5 Be6 10. Nf3 Nd5 11. Bd2 h6 12. Bc4 c6 13. a4 Nd7 14.
O-O N7b6 15. Bb3 a5 16. Kh1 Qd7 17. Nh4 Kh7 18. Rf3 Rad8 19. Rg3 Bf7 20. Nxd5 Nxd5 21.
Bxa5 b6 22. Bd2 e6 23. Bc2 Ne7 24. Bc3 Qb7 25. Bb4 c5 26. Bc3 Nc6 27. Rd3 Qe7 28.
Nf3 c4 29. Rd2 Nb4 30. Qe2 Nd5 31. g3 Rc8 32. Kg2 Rfd8 33. h3 g5 34. Qf2 Bg6 35. Kh2 gxf4 36. g4 fxg4 37. Bxg6+ Kxg6 38. Qg2 g3+ 39. Kh1 Ne3 40. Nh4+ Qxh4 41. Qe4+ Kf7 42. Kg1 Qxh3 43.
Qxf4+ Qf5 44. Qxe3 Qf2+ 45. Rxf2+ gxf2+ 46. Qxf2+ 1-0

[Event "*** Titled Tuesday Blitz"]
[Site "Chess.com"]
[Date "2021.03.09"]
[Round "7"]
[White "Maddie"]
[Black "Chamal_Gedgafov"]
[Result "1-0"]
[WhiteElo "2082"]
[BlackElo "2240"]
[TimeControl "180+1"]
[EndTime "11:22:07 PST"]
[Termination "Maddie won on time"]

1. d4 Nf6 2. c4 g6 3. Nc3 Bg7 4. e4 d6 5. f3 O-O 6. Be3 Nc6 7. Qd2 e5 8. d5 Nd4 9. Bxd4 exd4 10.
Qxd4 Re8 11. Qd2 c6 12. O-O-O Qa5 13. Kb1 Qb6 14. Nge2 a5 15. Na4 Qc7 16. dxc6 Qxc6 17. Nec3 Be6 18. Qxd6 Qxd6 19. Rxd6 Rac8 20. b3 Red8 21.
Rxd8+ Rxd8 22. Kc2 Nh5 23. Nd5 Bxd5 24. exd5 Re8 25.
Nc3 Nf4 26. g3 Nh5 27. Bd3 Re3 28. f4 Rf3 29. d6 Rf2+ 30. Ne2 Nf6 31. Kd2 Bf8 32. c5 b6 33. cxb6 Bxd6 34. b7 Bb4+ 35. Ke3 Ng4+ 36. Kd4 Bd6 37. h3 Nf6 38. Ke3 Bc5+ 39.
Nd4 Bxd4+ 40. Kxd4 Nd7 41. Rc1 Rxa2 42. Rc8+ Kg7 43.
b8=Q Nxb8 44. Rxb8 Rg2 45. Rb5 Rxg3 46. Rxa5 Rxh3 47.
Ra8 h5 48. Bc4 h4 49. Ra7 Rf3 50. Ke4 Rf2 51. Rxf7+ Kh6 52. Rf8 Kg7 53. Rg8+ 1-0

[Event "*** Titled Tuesday Blitz"]
[Site "Chess.com"]
[Date "2021.03.09"]
[Round "7"]
[White "GMBenjaminFinegold"]
[Black "Eliwood44"]
[Result "0-1"]
[WhiteElo "2611"]
[BlackElo "2488"]
[TimeControl "180+1"]
[EndTime "11:22:10 PST"]
[Termination "Eliwood44 won on time"]

1. d4 Nf6 2. c4 e6 3. Nc3 Bb4 4. Qc2 O-O 5. Nf3 d5 6. cxd5 exd5 7. Bg5 h6 8. Bh4 c6 9. e3 Nbd7 10. Bd3 Re8 11. O-O-O Qa5 12. g4 Bxc3 13. bxc3 Ne4 14.
Bxe4 dxe4 15. Nd2 Nb6 16. g5 hxg5 17. Bg3 Be6 18. h4 Bxa2 19. hxg5 Bc4 20. Nxc4 Nxc4 21.
Qb3 b5 22. Kc2 Qd8 23. g6 fxg6 24. Rh4 Qd5 25. Rdh1 g5 26. Rh5 a5 27. Bf4 a4 28. Qb4 c5 29. dxc5 Qd2+ 30. Kb1 gxf4 31. c6 Qd3+ 32. Ka1 Qc2 33. c7 Qb3 34. Rh8+ Kf7 35.
R8h4 Qxb4 36. Rxf4+ Ke7 37. cxb4 Rec8 38. Rxe4+ Kd7 39.
Rh7 Kxc7 40. Rxg7+ Kc6 41. Re6+ Kd5 42. Rf6 Rf8 43. Rg5+ Ke4 44. Re6+ Kd3 45. f4 Kc3 46. Rxb5 Rad8 47. Rc5 Kb3 0-1

[Event "*** Titled Tuesday Blitz"]
[Site "Chess.com"]
[Date "2021.03.09"]
[Round "7"]
[White "dhaessel"]
[Black "NarminSoyunlu"]
[Result "0-1"]
[WhiteElo "1959"]
[BlackElo "2053"]
[TimeControl "180+1"]
[EndTime "11:22:10 PST"]
[Termination "NarminSoyunlu won on time"]

1. d4 Nf6 2. c4 e6 3. Nc3 Bb4 4. e3 b6 5. Bd3 Bb7 6. Nf3 O-O 7. O-O Bxc3 8. bxc3 d5 9. cxd5 exd5 10. c4 Re8 11. a4 Nbd7 12. a5 Rc8 13. axb6 axb6 14. Qb3 Nf8 15. c5 Bc6 16. Ne5 Ba8 17. Bb5 Re7 18. c6 Ng6 19. Ba3 Re6 20. Nxg6 hxg6 21.
Rfc1 Ne4 22. Bb4 Nd6 23. Bxd6 Rxd6 24. Ra7 Qe8 25. Qa4 Re6 26. Ra1 Bxc6 27. Bxc6 Qxc6 28. Qxc6 Rxc6 29. h4 Rc2 30. Rb7 Rb2 31. Raa7 Rc2 32.
g3 Rc1+ 33. Kg2 Rc2 34. Kf3 f5 35. Kg2 Rb2 36. Rxc7 Rxc7 37. Rxc7 b5 38. Rd7 b4 39. Rxd5 b3 40. Rb5 Rb1 41. Rb7 Kf8 42. Kf3 b2 43. Kf4 Kg8 44. Kg5 Kh7 45. Rb8 f4 0-1

[Event "*** Titled Tuesday Blitz"]
[Site "Chess.com"]
[Date "2021.03.09"]
[Round "7"]
[White "m_ezat"]
[Black "NikolaGry"]
[Result "0-1"]
[WhiteElo "2537"]
[BlackElo "2670"]
[TimeControl "180+1"]
[EndTime "11:22:12 PST"]
[Termination "NikolaGry won on time"]

1. d4 d5 2. c4 Nc6 3. Nf3 Bg4 4. Nc3 e6 5. cxd5 exd5 6. h3 Bxf3 7. exf3 Bb4 8. Bb5 Ne7 9. O-O O-O 10. Bg5 h6 11. Bh4 Qd7 12. Bxe7 Bxe7 13. Qa4 Bf6 14. Rac1 a6 15.
Bxc6 bxc6 16. Rc2 Rfb8 17. Ne2 Rb5 18. a3 Rab8 19. b4 a5 20. bxa5 Ra8 21. a6 Rb6 22. a7 Rb7 23. Qxc6 Qxc6 24. Rxc6 Raxa7 25. Ra1 Rb3 26. a4 Rb4 27. a5 Bxd4 28. Rd1 Bf6 29. Rxd5 Ra4 30. Rcc5 Ra1+ 31. Kh2 Ra2 32. Nc3 Bxc3 33. Rxc3 Rxf2 34. Ra3 Rb7 35. Rd8+ Kh7 36. Rd4 g5 37. Rc4 Rbb2 38. Kg1 Rxg2+ 39. Kf1 Rbf2+ 40. Ke1 Rb2 41. Kf1 Rgf2+ 42. Ke1 Rh2 0-1

[Event "*** Titled Tuesday Blitz"]
[Site "Chess.com"]
[Date "2021.03.09"]
[Round "7"]
[White "korkmaz16"]
[Black "night_player"]
[Result "1-0"]
[WhiteElo "2437"]
[BlackElo "2174"]
[TimeControl "180+1"]
[EndTime "11:22:12 PST"]
[Termination "korkmaz16 won by resignation"]

1. e4 c5 2. Nf3 Nc6 3. d4 cxd4 4. Nxd4 e5 5. Nb5 d6 6. N1c3 a6 7. Na3 b5 8. Nd5 Nce7 9. c4 Nxd5 10. Qxd5 Be6 11.
Qd1 b4 12. Nc2 a5 13. Ne3 Be7 14. Bd3 Nf6 15. O-O O-O 16. b3 Nd7 17. Bc2 Nc5 18.
Nf5 Bxf5 19. exf5 h6 20. Be3 Bg5 21. Bxc5 dxc5 22. Qf3 Qc7 23. Be4 Rad8 24. Bd5 Bd2 25. Qg4 Qe7 26. Rad1 Bc3 27. Rd3 Bd4 28. Qe4 Qg5 29.
g3 Kh8 30. h4 Qf6 31. Kg2 a4 32. bxa4 Qa6 33. Bc6 Qxc4 34. Bb5 Qxa2 35. f6 g6 36. h5 Qe6 37. hxg6 Qxf6 38. gxf7 Rxf7 39. Bc4 Rg7 40. a5 Rf8 41. a6 Qb6 42. Rf3 Qd6 43. Rh1 Re8 44. Rf5 Rg6 45. Bf7 Qxa6 46. Bxe8 Qe6 47.
Bxg6 Qxg6 48. Rf8+ Kg7 49. Rg8+ Kxg8 50. Qxg6+ Kf8 51. Rxh6 Ke7 52. Rh7+ 1-0

[Event "*** Titled Tuesday Blitz"]
[Site "Chess.com"]
[Date "2021.03.09"]
[Round "7"]
[White "GelmanAlexander"]
[Black "Jan1401"]
[Result "1-0"]
[WhiteElo "2570"]
[BlackElo "2413"]
[TimeControl "180+1"]
[EndTime "11:22:13 PST"]
[Termination "GelmanAlexander won by resignation"]

1. d4 e6 2. Nc3 d5 3. Bf4 Bb4 4. Qd3 c5 5. a3 Qa5 6. dxc5 Bxc3+ 7.
Qxc3 Qxc3+ 8. bxc3 Nf6 9. f3 Na6 10. Bd6 Nd7 11. e4 Ndxc5 12. Rb1 b6 13. e5 Bd7 14. Ne2 Na4 15. Nd4 N6c5 16. Nb5 Kd8 17. Kd2 a6 18. Nd4 b5 19. Bd3 Rc8 20. Ne2 Nb7 21. Bb4 Rc6 22. Nd4 Rc8 23. f4 Nb6 24. Rhf1 Nc4+ 25. Bxc4 Rxc4 26. a4 bxa4 27. Ba3 Kc8 28.
Rb6 Kc7 29. Rfb1 Rb8 30. Rxa6 Rc5 31. Bxc5 Nxc5 32. Ra7+ Rb7 33. Rbxb7+ Nxb7 34. Ra8 Nc5 35. Rg8 Ne4+ 36. Kc1 Nxc3 37. Rxg7 a3 38. Rxf7 Kd8 39. Rxh7 Ke8 40. g4 Ne4 41. f5 exf5 42. gxf5 Ng5 43.
Rh8+ Ke7 44. f6+ Kf7 45. h4 Ne6 46. Rh7+ Kg8 47. Rxd7 Nxd4 48. Ra7 1-0

[Event "*** Titled Tuesday Blitz"]
[Site "Chess.com"]
[Date "2021.03.09"]
[Round "7"]
[White "HackingKid98"]
[Black "QuintilianoR"]
[Result "1/2-1/2"]
[WhiteElo "2463"]
[BlackElo "2673"]
[TimeControl "180+1"]
[EndTime "11:22:14 PST"]
[Termination "Game drawn by repetition"]

1. Nf3 Nf6 2. c4 e6 3. d4 d5 4.
g3 Be7 5. Bg2 O-O 6. Nc3 dxc4 7. Ne5 c5 8. dxc5 Qxd1+ 9. Nxd1 Bxc5 10. Nc3 Nc6 11. Nxc4 Bd7 12. O-O Rfd8 13. Bf4 Be8 14. Rfc1 Rac8 15. Rd1 h6 16. Rxd8 Rxd8 17. Rd1 Rxd1+ 18. Nxd1 Nd5 19. Bd2 a6 20. Nc3 Nxc3 21.
Bxc3 f6 22. a3 Kf7 23. b4 Be7 24. f4 h5 25. Kf2 g6 26. e4 Nd8 27. e5 f5 28. Ke3 Bc6 29. Bf1 h4 30. Nd6+ Bxd6 31. exd6 hxg3 32. hxg3 Ke8 33. Kd4 Nf7 34. Kc5 Kd7 35.
Be5 g5 36. Bc4 g4 37. Bf6 Nxd6 38. Bd3 Nb5 39. Bxb5 Bxb5 40. Be5 Bc6 41. Kb6 Bd5 42. a4 Be4 43. b5 axb5 44. Kxb5 Bf3 45. Kb6 Bc6 46.
a5 Bf3 47. Kc5 Bd5 48. Kb6 Be4 49. Kc5 Bd3 50. Kb6 Ba6 51. Kc5 Bf1 52. Kb6 Ba6 53.
Kc5 Bf1 54. Kb6 Ba6 1/2-1/2

[Event "*** Titled Tuesday Blitz"]
[Site "Chess.com"]
[Date "2021.03.09"]
[Round "7"]
[White "atwalcb"]
[Black "mapleaff"]
[Result "1-0"]
[WhiteElo "2537"]
[BlackElo "2402"]
[TimeControl "180+1"]
[EndTime "11:22:14 PST"]
[Termination "atwalcb won by resignation"]

1. d4 Nf6 2. Bg5 d5 3. Bxf6 gxf6 4. e3 c5 5. c4 cxd4 6. Qxd4 Qa5+ 7. Nc3 dxc4 8. Bxc4 Nc6 9. Qd5 e6 10. Qxa5 Nxa5 11. Bb5+ Nc6 12. Bxc6+ bxc6 13. O-O-O f5 14. Nf3 Rb8 15. Ne5 Rb6 16. Rd2 Bg7 17. Nc4 Rb4 18. Nd6+ Ke7 19. Nxc8+ Rxc8 20. Rhd1 Rc7 21. Kc2 Rcb7 22.
Rb1 Rh4 23. h3 Rc4 24. Rd3 a5 25. b3 Rc5 26. Kd2 h5 27. Rc1 h4 28. Na4 Rxc1 29. Kxc1 Be5 30. Kc2 Rb8 31. Nc5 Rg8 32.
f4 Rxg2+ 33. Rd2 Rxd2+ 34. Kxd2 Bd6 35. Nd3 f6 36. Ne1 e5 37. Ng2 Ke6 38. Ke2 exf4 39. exf4 Kd5 40. Kf3 a4 41. Nxh4 axb3 42. axb3 Ke6 43.
Ng2 Bf8 44. Ne3 Bh6 45. h4 Bf8 46. h5 Bh6 47. Ng2 Kd5 48. Nh4 Ke6 49. Ke3 Kd5 50. Nxf5 Bf8 51. h6 Ke6 52. h7 Kxf5 53. h8=Q Bc5+ 54.
Kf3 1-0

[Event "*** Titled Tuesday Blitz"]
[Site "Chess.com"]
[Date "2021.03.09"]
[Round "7"]
[White "RobertoJBM"]
[Black "Jospem"]
[Result "0-1"]
[WhiteElo "2720"]
[BlackElo "2937"]
[TimeControl "180+1"]
[EndTime "11:22:15 PST"]
[Termination "Jospem won on time"]

1. d4 Nf6 2. Nf3 e6 3. c4 Bb4+ 4. Bd2 Qe7 5. g3 Bxd2+ 6. Nbxd2 d6 7. Bg2 a5 8. O-O e5 9. e3 O-O 10. Rc1 h6 11. Qb3 e4 12. Ne1 c6 13. Nc2 d5 14. Qc3 Be6 15. b3 Nbd7 16. Rce1 Bf5 17. h3 h5 18. a3 Rfe8 19. Kh2 g6 20. c5 Nf8 21. f4 Qd7 22. b4 axb4 23. axb4 N8h7 24. Ra1 Rab8 25. Ra7 Kh8 26. Rfa1 Rg8 27. b5 g5 28. bxc6 Qxc6 29. Nb4 Qe6 30. c6 gxf4 31. exf4 bxc6 32. Nf1 h4 33. R1a6 Rbc8 34. Rxc6 Rxc6 35. Qxc6 hxg3+ 36. Nxg3 Rc8 37. Qb7 Rc4 38. Na6 Bxh3 39. Bxh3 Rc2+ 40. Bg2 Ng4+ 41. Kg1 Ne3 42. Qb8+ Kg7 43.
Nh5+ Kh6 44. Qg8 Rxg2+ 0-1

[Event "*** Titled Tuesday Blitz"]
[Site "Chess.com"]
[Date "2021.03.09"]
[Round "7"]
[White "kai_nov"]
[Black "Andrakhanova"]
[Result "1-0"]
[WhiteElo "2425"]
[BlackElo "2269"]
[TimeControl "180+1"]
[EndTime "11:22:15 PST"]
[Termination "kai_nov won by resignation"]

1. d4 d5 2. c4 e6 3. Nc3 c6 4.
Bf4 Nf6 5. e3 Nbd7 6. Nf3 Be7 7.
Bd3 O-O 8. O-O h6 9. Rc1 Nh5 10. Be5 Nxe5 11. dxe5 g6 12. Qe2 Ng7 13. Rfd1 Qe8 14.
e4 dxc4 15. Bxc4 h5 16. a4 b6 17. h3 a5 18. Qe3 Ba6 19. Bxa6 Rxa6 20. Qh6 f5 21. exf6 Rxf6 22. e5 Rxf3 23. gxf3 Nf5 24. Qf4 Ra7 25. Ne4 Rd7 26. Nf6+ Bxf6 27. exf6 Kf7 28. Qe5 c5 29. Kg2 Nd4 30. Qg5 Rd5 31. Qh6 Kxf6 32. Re1 Rf5 33. Re3 Nxf3 34. Rxf3 Qc6 35.
Qh8+ Kg5 36. Rc3 Qe4 37. Qd8+ Kh6 38. Qh8+ Kg5 39. Re3 Qc6 40. Qc3 e5 41. Kg1 Rf4 42. Rxf4 exf4 43. Qe5+ Kh6 44. Qxf4+ g5 45. Qf5 1-0

[Event "*** Titled Tuesday Blitz"]
[Site "Chess.com"]
[Date "2021.03.09"]
[Round "7"]
[White "SharapovEvgeny"]
[Black "attack2mateU"]
[Result "0-1"]
[WhiteElo "2496"]
[BlackElo "2739"]
[TimeControl "180+1"]
[EndTime "11:22:16 PST"]
[Termination "attack2mateU won by resignation"]

1. c4 g6 2. Nc3 c5 3. Nf3 Nc6 4.
d4 cxd4 5. Nxd4 Bg7 6. e3 Nf6 7. Be2 O-O 8. O-O d6 9. b3 d5 10. cxd5 Nxd4 11. exd4 Nxd5 12. Nxd5 Qxd5 13. Be3 Bf5 14. Bc4 Qd7 15. Qf3 Rfd8 16. h3 b5 17. Bxf7+ Kxf7 18. g4 Qd5 19. Qxd5+ Rxd5 20. gxf5 gxf5 21.
Rac1 Rad8 22. Rc5 a6 23. Rfc1 e6 24. Rxd5 Rxd5 25. Rc7+ Kf8 26. Rc6 Bxd4 27. Bxd4 Rxd4 28. Rxe6 Kf7 29. Rxa6 b4 30. Kg2 h5 31. Rc6 Rd2 32. Rc4 Rxa2 33. Rxb4 Kf6 34. h4 Ke5 35. Rb8 Kf4 36.
b4 Rb2 37. b5 Kg4 38. b6 f4 39. Kf1 f3 40. Ke1 Kxh4 41. b7 Kh3 42. Kd1 h4 43.
Kc1 Rb6 44. Kd2 Kh2 45. Ke3 Rb3+ 46. Kf4 h3 47. Kg4 Kg2 48. Kf4 Kxf2 49. Rc8 Rb4+ 50. Kg5 Rxb7 51. Rc2+ Kg3 0-1

[Event "*** Titled Tuesday Blitz"]
[Site "Chess.com"]
[Date "2021.03.09"]
[Round "7"]
[White "chessdiamant"]
[Black "dodorox"]
[Result "1-0"]
[WhiteElo "2269"]
[BlackElo "2122"]
[TimeControl "180+1"]
[EndTime "11:22:16 PST"]
[Termination "chessdiamant won on time"]

1. Nf3 Nf6 2. g3 e6 3. Bg2 d5 4. b3 Be7 5. O-O O-O 6. Bb2 c5 7. c4 dxc4 8. bxc4 Nc6 9. Nc3 Rb8 10. Rb1 b6 11. e3 Bb7 12. d4 Na5 13. Qd3 a6 14.
Ba3 Qc7 15. Ne5 Bxg2 16. Kxg2 Rfd8 17. Rfd1 Ne8 18. Qe2 Nd6 19. d5 f6 20. Nf3 Ndxc4 21. Bc1 e5 22. e4 b5 23. Nh4 Nd6 24. Qg4 Qd7 25. Nf5 Nxf5 26. exf5 Nc4 27. Ne4 Nd6 28.
Nxc5 Qxf5 29. Qxf5 Nxf5 30. Nxa6 Ra8 31. Nc7 Rxa2 32.
Rxb5 Rc2 33. Ne6 Rd7 34. Rb8+ Kf7 35. Ba3 Ne3+ 36. Kf3 Nxd1 37. Bxe7 Rxe7 38. Rf8+ Kg6 39. h4 h6 40. g4 Nc3 41. h5+ Kh7 42. Rc8 Rxe6 43.
dxe6 Rd2 44. e7 e4+ 45. Kg3 Rd3+ 46. Kh2 1-0

[Event "*** Titled Tuesday Blitz"]
[Site "Chess.com"]
[Date "2021.03.09"]
[Round "7"]
[White "chesslh19"]
[Black "gatocorbis"]
[Result "0-1"]
[WhiteElo "2256"]
[BlackElo "2110"]
[TimeControl "180+1"]
[EndTime "11:22:16 PST"]
[Termination "gatocorbis won on time"]

1. e4 c5 2. Nf3 d6 3. d4 cxd4 4. Nxd4 Nf6 5. Nc3 g6 6. Be3 Bg7 7. f3 O-O 8. Qd2 Nc6 9. O-O-O d5 10. Kb1 e5 11. Nxc6 bxc6 12. exd5 Nxd5 13. Nxd5 cxd5 14. Qxd5 Qc7 15. Qxa8 Bf5 16. Qd5 Qxc2+ 17. Ka1 Rb8 18. Bb5 h5 19. Qc4 Qxg2 20. Bc1 Qxf3 21. Rhf1 Qe4 22.
Qxe4 Bxe4 23. Bc4 Rb7 24. Bd5 Bxd5 25. Rxd5 Rc7 26. Kb1 f5 27. Bg5 e4 28. Rc1 Rb7 29.
Rd8+ Kh7 30. b3 a5 31. Rdc8 Rd7 32. R8c7 Rxc7 33. Rxc7 Kg8 34. Bd2 Kf8 35. Bxa5 f4 36. Bb4+ Kg8 37. Bc5 e3 38. Kc1 Be5 39. Kd1 Bxc7 40.
Ke2 g5 41. h3 g4 42. hxg4 hxg4 43. b4 Kf7 44. b5 Ke6 45. a4 Kd5 46. b6 Bb8 47.
Bb4 Kc6 48. a5 Kb5 49. Bc3 Ka6 50. Bb4 Be5 0-1